 Dungeon Crawl Stone Soup version 0.20-a0-1122-gb7cbeb9 (webtiles) character file.

91453 M4edhros the Unseen (level 16, -1/105 HPs)
             Began as an Octopode Artificer on May 13, 2017.
             Was the Champion of Fedhas.
             Slain by an anaconda (2 damage)
             ... on level 2 of the Snake Pit.
             The game lasted 01:12:40 (23182 turns).

M4edhros the Unseen (Octopode Artificer)           Turns: 23182, Time: 01:12:43

Health: -1/105     AC:  9    Str: 13      XL:     16   Next: 3%
Magic:  28/28      EV: 20    Int: 17 (19) God:    Fedhas [******]
Gold:   564        SH:  0    Dex: 16 (17) Spells: 11/31 levels left

rFire    + + .     SeeInvis +   U - +3 Elemental Staff {rElec rF++ rC++ MR++ AC+5}
rCold    + + +     Gourm    .   (no shield)
rNeg     . . .     Faith    .   B - +1 hat
rPois    +         Spirit   .   S - amulet of regeneration
rElec    +         Reflect  .   e - ring of see invisible
rCorr    .         Harm     .   C - +4 ring of evasion
MR       +++..                  J - +2 ring of strength
Stlth    +++++++...             Q - ring of wizardry
Regen    0.7/turn               (no ring)
MPRegen  0.3/turn               g - ring of wizardry
                                i - +5 ring of intelligence
                                N - ring of protection from cold

@: lethally poisoned (-1 -> -1), constricted, studying Ice Magic
A: almost no armour, stealthy swim, amphibious, 8 rings, constrict 8, slimy
green scales 1, camouflage 1, deterioration 1, sense surroundings 1, poison
resistance, electricity resistance, weak 1, gelatinous body 1, evolution 1
a: Fungal Bloom, Evolution, Sunlight, Growth, Reproduction, Rain, Renounce
Religion


You were on level 2 of the Snake Pit.
You worshipped Fedhas.
Fedhas was exalted by your worship.
You were not hungry.

You visited 5 branches of the dungeon, and saw 26 of its levels.
You visited the Abyss 1 time.
You visited 1 bazaar.
You also visited: Ossuary, Bailey and Ice Cave.

You collected 2816 gold pieces.
You spent 2252 gold pieces at shops.

Inventory:

Hand Weapons
 j - the +1 rapier "Adot" {drain, Dex+4, unknown}
   (You found it on level 3 of the Lair of Beasts)

   A truly terrible weapon, it drains the life of those it strikes.
   It affects your dexterity (+4).
 s - a +2 fustibalus of freezing
 U - the +3 Elemental Staff (weapon) {rElec rF++ rC++ MR++ AC+5}
   (You found it in a bailey)

   It affects your AC (+5).
   It greatly protects you from fire.
   It greatly protects you from cold.
   It insulates you from electricity.
   It affects your resistance to hostile enchantments.
Armour
 h - a +0 shield
 B - a +1 hat (worn)
 H - the +3 shield of Narcissism {Slay+3}
   (You bought it in a shop on level 1 of the Snake Pit)

   It affects your accuracy and damage with ranged weapons and melee attacks
   (+3).
Jewellery
 e - a ring of see invisible (left tentacle)
 g - a ring of wizardry (on tentacle)
 i - a +5 ring of intelligence (on tentacle)
 A - a +3 ring of intelligence
 C - a +4 ring of evasion (right tentacle)
 J - a +2 ring of strength (on tentacle)
 N - a ring of protection from cold (on tentacle)
 Q - a ring of wizardry (on tentacle)
 S - an amulet of regeneration (around mantle)
Wands
 a - a wand of digging (3/24)
 b - a wand of disintegration (9/24)
 c - a wand of enslavement (2/24)
 d - a wand of enslavement (3/24)
 q - a wand of acid (10/15)
 G - a wand of scattershot (2/9)
 I - a wand of scattershot (4/9)
 R - a wand of lightning (4/15)
 X - a wand of confusion (6/48)
Scrolls
 m - 12 scrolls of teleportation
 o - 4 scrolls of immolation {unknown}
 p - 5 scrolls of magic mapping
 D - a scroll of holy word {unknown}
 E - 3 scrolls of recharging
 F - a scroll of fear
 K - 5 scrolls of fog
 P - 2 scrolls of random uselessness {unknown}
 T - 2 scrolls of blinking
 Y - a scroll of summoning
Potions
 n - a potion of ambrosia {unknown}
 r - 2 potions of flight
 t - 10 potions of curing
 u - 6 potions of heal wounds
 v - 3 potions of resistance
 w - 3 potions of might
 x - 8 potions of lignification
 z - 3 potions of haste
 O - 3 potions of agility
 Z - 3 potions of brilliance
Books
 W - a manual of Ice Magic
Miscellaneous
 l - a box of beasts
 y - a sack of spiders
Comestibles
 f - 6 bread rations
 k - 27 fruits
 M - 4 meat rations


   Skills:
 - Level 8.1 Fighting
 - Level 1.0 Short Blades
 + Level 8.1 Staves
 - Level 8.5 Dodging
 - Level 15.9 Stealth
 * Level 2.5 Shields
 * Level 8.2 Spellcasting
 - Level 3.1 Charms
 - Level 3.1 Necromancy
 * Level 7.7 Transmutations
 - Level 4.1 Air Magic
 * Level 7.8 Earth Magic
 - Level 5.2 Poison Magic
 + Level 11.3 Invocations
 + Level 11.6 Evocations


You had 11 spell levels left.
You knew the following spells:

 Your Spells              Type           Power        Failure   Level  Hunger
a - Mephitic Cloud        Conj/Pois/Air  ###.....     2%          3    #......
b - Blink                 Tloc           N/A          4%          2    None
c - Apportation           Tloc           #.....       3%          1    None
d - Conjure Flame         Conj/Fire      #.......     9%          3    #......
e - Regeneration          Chrm/Necr      ###.......   2%          3    #......
f - Statue Form           Tmut/Erth      ####.....    17%         6    ######.
g - Song of Slaying       Chrm           ###.....     1%          2    None


Dungeon Overview and Level Annotations

Branches:
Dungeon (15/15)            Temple (1/1) D:5            Lair (6/6) D:9
  Swamp (0/4) Lair:2        Snake (2/4) Lair:2        Slime (0/5) Lair:6
    Orc (2/2) D:11            Elf (0/3) Orc:2        Vaults (0/5) D:14
 Depths (0/5) D:15

Altars:
Ashenzari
Cheibriados
Dithmenos
Elyvilon
Fedhas
Gozag
Hepliaklqana
Kikubaaqudgha
Makhleb
Nemelex Xobeh
Okawaru
Qazlal
Ru
Sif Muna
Trog
Uskayaw
Vehumet
Wu Jian
Xom
Yredelemnul
Zin
The Shining One

Shops:
D:6 (}**   D:12 ([   Orc:2 %[[=%*(=   Snake:1 (*[([

Annotations:
Abyss:1 Natasha


Innate Abilities, Weirdness & Mutations

You cannot wear most types of armour.
You are very stealthy in the water. (Stealth+)
You are amphibious.
You can wear up to eight rings at the same time.
You can use your tentacles to constrict eight enemies at once.
Your skin changes colour to match your surroundings (Stealth+).
Your rubbery body absorbs attacks. (AC +1, EV +1)
You are partially covered in slimy green scales. (AC +2)
Your body sometimes deteriorates upon taking damage.
You passively map a small area around you.
Your system is resistant to poisons. (rPois)
You are resistant to electric shocks. (rElec)
You are weak. (Str -2)
You evolve.


Message History

As you read the scroll of fear, it crumbles to dust.
You assume a fearsome visage.
The black mamba looks frightened!
The guardian serpent looks frightened!
The guardian serpent resists with almost no effort.
The anaconda looks frightened!
The anaconda loses its grip on you.
The guardian serpent weaves intricate patterns with the tip of its tongue.
The anaconda blinks!
The black mamba blinks!
The black mamba closely misses you. The anaconda grabs you.
The anaconda bites you!
* * * LOW HITPOINT WARNING * * *
x2 The anaconda constricts you.
Unknown command.
Unknown command.
As you read the scroll of fear, it crumbles to dust.
You assume a fearsome visage.
The guardian serpent looks frightened!
You feel sick. The black mamba bites you!
* * * LOW HITPOINT WARNING * * *
The anaconda completely misses you.
You die...
Fedhas appreciates your contribution to the ecosystem.

## ##...# * ##.#
.#...######.. ##*
*..###.#...........
#.####.#...#.........[.
#.....((..##....._..#.#
##...S.....#...#.....# *
#....>..§).#..S#.....#
#........#.#..(##......,
#......S@#...((.#.###...
###.......S#.((.#.#...#...
#.......S.§...)(#....#*
#....))..(#####.#....# , #
##...(#####..#.......#. ,
### ###.(#......##........
..#
#.#.###.............#.,
..# #.....##.....###...##
, .#####
#......#.......#...#,


You could see an anaconda, 2 guardian serpents and a black mamba.

Vanquished Creatures
  Aizul (Snake:1)
  Azrael (D:13)
  2 entropy weavers (Lair:4)
  A fire dragon (Lair:6)
  Josephine (Lair:5)
  A hydra (Lair:6)
  A centaur warrior (D:13)
  4 two-headed ogres
  A queen ant (Lair:4)
  3 tengu warriors
  6 shock serpents
  2 orc high priests (Orc:2)
  4 naga sharpshooters
  A fire crab (Lair:6)
  A naga ritualist (Snake:2)
  A necromancer (D:14)
  3 mana vipers (Snake:1)
  2 orc knights (Bailey)
  A cyclops (D:11)
  2 manticores (D:14)
  3 salamanders
  3 ugly things
  3 ice statues (IceCv)
  Maurice (Orc:2)
  11 black mambas
  7 naga magi
  3 molten gargoyles (Lair:6)
  13 spiny frogs
  A rime drake (Lair:6)
  A kobold demonologist (D:12)
  5 komodo dragons (Lair:6)
  A meliai (D:13)
  A troll (D:9)
  3 slime creatures
  7 hippogriffs
  11 blink frogs
  Sigmund (D:2)
  A shadow (D:13)
  28 yaks
  6 wyverns
  4 wraiths (Lair:5)
  A hog (D:7)
  4 hungry ghosts
  6 basilisks
  Grum (D:8)
  A fire elemental (D:13)
  A steam dragon (Lair:6)
  3 vampire mosquitoes
  12 water moccasins
  11 nagas
  14 soldier ants (Lair:4)
  9 hell hounds
  10 porcupines
  2 black bears
  17 orc warriors
  3 sky beasts
  A swamp drake (D:9)
  7 ice beasts
  6 ogres
  An eye of draining (D:5)
  14 wolves
  6 centaurs
  8 crocodiles
  3 big kobolds
  11 bullfrogs
  A wyvern skeleton (D:12)
  7 wights
  2 scorpions (D:6)
  A water moccasin skeleton (D:9)
  8 killer bees
  6 electric eels (D:5)
  A howler monkey (D:10)
  2 troll skeletons (D:11)
  3 lava snakes (Lair:6)
  6 crimson imps
  2 jellies
  14 orc priests
  5 hounds
  4 centaur skeletons
  A gnoll shaman (D:7)
  21 orc wizards
  2 bullfrog skeletons
  2 hell rats (Lair:1)
  6 iguanas
  Ijyb (D:4)
  Natasha (D:3)
  23 worker ants
  A big kobold zombie (Ossuary)
  2 ogre skeletons (D:11)
  A hound skeleton (D:6)
  A hound zombie (Ossuary)
  4 mummies (Ossuary)
  A worker ant zombie (D:8)
  7 gnolls
  14 adders
  7 river rats (Lair:1)
  2 shadow imps
  5 white imps (D:14)
  An ufetubus (Abyss:2)
  2 oozes
  An adder zombie (D:5)
  4 adder skeletons
  5 worms
  2 dart slugs
  2 leopard geckos
  54 orcs
  4 bats
  7 giant cockroaches
  2 gnoll zombies (Ossuary)
  6 goblins
  5 hobgoblins
  6 jackals
  3 quokkas
  2 ball pythons
  5 frilled lizards
  2 goblin skeletons (D:11)
  2 goblin zombies (D:4)
  3 hobgoblin skeletons (D:11)
  2 hobgoblin zombies (Ossuary)
  A jackal skeleton (D:6)
  A jackal zombie (D:6)
  14 kobolds
  3 kobold zombies (Ossuary)
  9 orc skeletons (D:11)
  6 rats
  2 rat zombies (Ossuary)
  2 ballistomycetes (Orc:2)
  A ballistomycete spore (Orc:2)
628 creatures vanquished.

Vanquished Creatures (collateral kills)
  A fire giant (D:13)
  A frost giant (D:13)
  A deep elf annihilator (D:13)
  2 hydras
  Erolcha (D:12)
  4 two-headed ogres
  A death knight (D:14)
  An ogre mage (D:13)
  2 orc high priests (Orc:2)
  Urug (Lair:2)
  Sonja (D:12)
  5 skeletal warriors (D:14)
  The ghost of M4edhros the Covert, a novice OpAr of Qazlal (D:8)
  A phantasmal warrior (D:14)
  A deep elf mage (D:14)
  4 orc knights
  3 orc sorcerers
  9 slime creatures
  2 cyclopes
  An ugly thing (D:11)
  3 manticores
  6 spiny frogs
  4 centaur skeletons
  A gargoyle (D:14)
  3 freezing wraiths
  3 komodo dragons
  A tengu conjurer (D:14)
  3 meliai (D:14)
  6 trolls
  A blink frog (Lair:3)
  3 hippogriffs
  2 wraiths (D:14)
  17 yaks
  2 hungry ghosts
  6 vampire mosquitoes
  2 wyverns (D:14)
  A human (D:7)
  A warg (Orc:1)
  A naga (Lair:2)
  A soldier ant (Lair:4)
  2 water moccasins
  A hell hound (D:13)
  2 porcupines
  19 orc warriors
  4 ogres
  A centaur (D:12)
  A phantom (D:11)
  4 crocodiles
  A bullfrog (D:12)
  A gnoll sergeant (Orc:2)
  A wyvern skeleton (D:14)
  5 killer bees
  A troll skeleton (D:11)
  2 wights (D:11)
  3 howler monkeys (D:11)
  13 orc priests
  2 hounds
  2 bullfrog skeletons
  3 iguanas
  5 worker ants
  14 orc wizards
  3 ogre skeletons (D:11)
  A hound skeleton (D:9)
  2 gnolls (Orc:2)
  A river rat (Lair:1)
  2 shadow imps (D:13)
  7 white imps (D:14)
  31 orcs
  4 goblins (D:10)
  3 jackals
  A goblin skeleton (D:11)
  A goblin zombie (D:11)
  A hobgoblin skeleton (D:11)
  A jackal skeleton (D:8)
  8 orc skeletons (D:11)
  2 ballistomycete spores (Orc:2)
265 creatures vanquished.

Vanquished Creatures (others)
  2 thorn hunters
  2 hornets
  A basilisk (D:9)
  A steam dragon (D:10)
  A naga (Snake:2)
  A sky beast (D:10)
  2 wandering mushrooms
  A scorpion (D:8)
  A hound (D:6)
  A killer bee zombie (D:7)
  A big kobold zombie (Ossuary)
  A gnoll (D:7)
  A worm (D:2)
  A quokka (D:3)
  A ballistomycete spore (Orc:2)
  14 briar patches
  2 fungi
  4 plants
  2 starspawn tentacles (Abyss:2)
  646 toadstools
686 creatures vanquished.

Grand Total: 1579 creatures vanquished

Notes
Turn   | Place    | Note
-------+----------+-------------------------------------------
     0 | D:1      | M4edhros the Octopode Artificer began the quest for the Orb.
     0 | D:1      | Reached XP level 1. HP: 13/13 MP: 3/3
    81 | D:1      | Reached skill level 2 in Stealth
   245 | D:1      | Reached skill level 3 in Stealth
   245 | D:1      | Reached XP level 2. HP: 13/18 MP: 4/4
   664 | D:3      | Reached skill level 4 in Stealth
   667 | D:3      | Reached XP level 3. HP: 20/23 MP: 5/5
   698 | D:3      | Reached skill level 5 in Stealth
   701 | D:3      | Reached XP level 4. HP: 20/28 MP: 6/6
   782 | D:3      | Noticed Natasha
   789 | D:3      | Killed Natasha
   789 | D:3      | Reached skill level 6 in Stealth
  1032 | D:3      | Reached XP level 5. HP: 23/33 MP: 7/7
  1042 | D:3      | Found a snail-covered altar of Cheibriados.
  1054 | D:3      | Reached skill level 7 in Stealth
  1076 | D:3      | Noticed Natasha
  1082 | D:3      | Banished Natasha
  1086 | D:3      | Found a white marble altar of Elyvilon.
  1100 | D:4      | Found a sand-covered staircase.
  1154 | D:5      | Entered Level 5 of the Dungeon
  1225 | D:5      | Reached skill level 8 in Stealth
  1261 | D:5      | Noticed a sky beast
  1298 | D:5      | Gained mutation: You passively map a small area around you. [potion of mutation]
  1298 | D:5      | Gained mutation: You are agile. (Dex +2) [potion of mutation]
  1298 | D:5      | Gained mutation: You are partially covered in slimy green scales. (AC +2) [potion of mutation]
  1298 | D:5      | Gained mutation: You are resistant to electric shocks. (rElec) [potion of mutation]
  1301 | D:5      | Noticed an eye of draining
  1308 | D:5      | Killed an eye of draining
  1308 | D:5      | Reached skill level 9 in Stealth
  1308 | D:5      | Reached XP level 6. HP: 38/38 MP: 8/8
  1368 | D:5      | HP: 1/38 [electric eel/bolt of electricity (2)]
  1679 | D:5      | Reached skill level 10 in Stealth
  1679 | D:5      | Reached XP level 7. HP: 40/43 MP: 9/9
  1749 | D:5      | Reached skill level 11 in Stealth
  1784 | Ossuary  | Entered an ossuary
  2110 | D:5      | Found a staircase to the Ecumenical Temple.
  2122 | Temple   | Entered the Ecumenical Temple
  2184 | Temple   | Became a worshipper of Xom the Capricious
  2192 | Temple   | Fell from the grace of Xom
  2192 | Temple   | Became a worshipper of Fedhas Madash
  2393 | D:2      | Noticed Sigmund
  3004 | D:2      | Killed Sigmund
  3004 | D:2      | Reached skill level 12 in Stealth
  3004 | D:2      | Reached XP level 8. HP: 32/48 MP: 10/10
  3006 | D:2      | Found a stormy altar of Qazlal.
  3226 | D:3      | XOM: mild Summ miscast
  3405 | D:3      | XOM: torment (23/48 hp)
  3415 | D:3      | Reached * piety under Fedhas
  3612 | D:4      | Noticed Ijyb
  3619 | D:4      | Killed Ijyb
  3717 | D:4      | Found a sparkling altar of Nemelex Xobeh.
  3718 | D:4      | Found an opulent altar of Gozag.
  4002 | D:5      | Reached skill level 13 in Stealth
  4142 | D:5      | XOM: noise
  4234 | D:5      | Found a burning altar of Makhleb.
  4235 | D:5      | Found a radiant altar of Vehumet.
  4264 | D:5      | Reached skill level 1 in Invocations
  4276 | D:6      | Noticed a hippogriff
  4295 | D:6      | Found a glowing golden altar of the Shining One.
  4299 | D:6      | XOM: mild Chrm miscast
  4312 | D:6      | Found Muynioz's Weapon Emporium.
  4360 | D:6      | XOM: polymorph wandering mushroom -> shambling mangrove
  4457 | D:6      | Found Wischaj's Gadget Emporium.
  4492 | D:6      | Found Waigoir's General Store.
  4495 | D:6      | Found Luav's Assorted Antiques.
  4535 | D:6      | Bought a peridot ring for 125 gold pieces
  4541 | D:6      | Found a blossoming altar of Fedhas.
  4547 | D:6      | Killed a hippogriff
  4547 | D:6      | Reached XP level 9. HP: 56/56 MP: 11/11
  4573 | D:6      | XOM: severe Fire miscast
  4683 | D:6      | Found a glowing silver altar of Zin.
  4738 | D:6      | XOM: give mutation
  4738 | D:6      | Lost mutation: You are agile. (Dex +2) [Xom's mischief]
  4906 | D:6      | Found an iron altar of Okawaru.
  4906 | D:6      | Found a shattered altar of Ashenzari.
  5210 | D:7      | XOM: summons 2 hostile demons
  5317 | D:7      | Found a sacrificial altar of Ru.
  5415 | D:7      | Found a shadowy altar of Dithmenos.
  5548 | D:7      | Reached skill level 14 in Stealth
  5560 | D:7      | Reached ** piety under Fedhas
  5895 | D:7      | Reached skill level 5 in Dodging
  5920 | D:7      | XOM: polymorph wandering mushroom -> wandering mushroom
  6188 | D:8      | Noticed Grum
  6190 | D:8      | Killed Grum
  6239 | D:8      | Reached skill level 5 in Invocations
  6299 | D:8      | Reached XP level 10. HP: 51/65 MP: 13/13
  6352 | D:8      | Reached skill level 5 in Fighting
  6385 | D:8      | XOM: polymorph shambling mangrove -> shambling mangrove
  6489 | D:8      | Noticed M4edhros's ghost (novice OpAr)
  6601 | D:8      | XOM: blink monster(s)
  6619 | D:8      | Killed M4edhros's ghost
  7168 | D:9      | Noticed a two-headed ogre
  7179 | D:9      | Killed a two-headed ogre
  7179 | D:9      | Reached skill level 15 in Stealth
  7296 | D:9      | Found a staircase to the Lair.
  7464 | D:9      | Reached *** piety under Fedhas
  7542 | D:10     | XOM: noise
  7542 | D:10     | Entered Level 10 of the Dungeon
  7588 | D:10     | XOM: 1-stop teleportation journey
  7589 | D:10     | Noticed a two-headed ogre
  7591 | D:10     | Killed a two-headed ogre
  7591 | D:10     | Reached XP level 11. HP: 74/74 MP: 16/16
  7720 | D:10     | Found a flagged portal.
  7804 | Bailey   | Entered a bailey
  7891 | Bailey   | Noticed an orc knight
  7897 | Bailey   | Noticed an orc knight
  7901 | Bailey   | Killed an orc knight
  8136 | Bailey   | Killed an orc knight
  8355 | D:10     | Cast into level 2 of the Abyss (a distortion unwield)
  8396 | Abyss:2  | Noticed a tentacled starspawn
  8416 | Abyss:2  | Noticed a rakshasa
  8501 | Abyss:2  | Noticed a worldbinder
  8506 | Abyss:2  | Noticed a lorocyproca
  8516 | Abyss:2  | Noticed a large abomination
  8519 | Abyss:2  | Noticed a thrashing horror
  8535 | D:10     | Escaped the Abyss
  8556 | D:10     | Reached skill level 1 in Staves
  9097 | D:11     | Noticed a two-headed ogre
  9104 | D:11     | Killed a two-headed ogre
  9114 | D:11     | Found a flickering gateway to a bazaar.
  9119 | Bazaar   | Entered a bazaar
  9119 | Bazaar   | Found Qiviv's Magic Scroll Shoppe.
  9119 | Bazaar   | Found Alumemiz's Book Shoppe.
  9119 | Bazaar   | Found Vibis's Assorted Antiques.
  9119 | Bazaar   | Found Teluajut's Food Emporium.
  9143 | Bazaar   | Learned a level 3 spell: Mephitic Cloud
  9146 | Bazaar   | Learned a level 2 spell: Blink
  9148 | Bazaar   | Learned a level 1 spell: Apportation
  9152 | Bazaar   | Learned a level 3 spell: Conjure Flame
  9170 | Bazaar   | Bought a scroll labeled XATTEU FULEKK for 12 gold pieces
  9170 | Bazaar   | Bought a paperback book for 180 gold pieces
  9172 | Bazaar   | Bought a scroll of blinking for 97 gold pieces
  9172 | Bazaar   | Bought a scroll of enchant weapon for 97 gold pieces
  9172 | Bazaar   | Bought a scroll of enchant armour for 97 gold pieces
  9265 | D:11     | Noticed a purple ugly thing
  9268 | D:11     | Killed a purple ugly thing
  9336 | D:11     | Found a staircase to the Orcish Mines.
  9342 | D:11     | Reached skill level 5 in Evocations
  9343 | D:11     | Reached **** piety under Fedhas
  9394 | D:11     | Reached ***** piety under Fedhas
  9906 | D:11     | Noticed a cyclops
  9916 | D:11     | Killed a cyclops
  9938 | D:11     | Reached XP level 12. HP: 45/82 MP: 18/18
 10225 | D:12     | Noticed a two-headed ogre
 10243 | D:12     | Killed a two-headed ogre
 10358 | D:12     | Noticed Sonja
 10371 | D:12     | Killed Sonja
 10371 | D:12     | Reached skill level 1 in Air Magic
 10371 | D:12     | Reached skill level 1 in Poison Magic
 10382 | D:12     | Found Beunorau's Armour Shoppe.
 10410 | D:12     | Noticed Erolcha
 10410 | D:12     | XOM: enchant monster (bad)
 10426 | D:12     | Killed Erolcha
 10429 | D:12     | Reached skill level 1 in Spellcasting
 10447 | D:12     | Bought a +1 hat for 165 gold pieces
 10447 | D:12     | Bought a +0 shield for 67 gold pieces
 10449 | D:12     | XOM: polymorph wandering mushroom -> thorn hunter
 10534 | D:12     | XOM: polymorph thorn hunter -> thorn hunter
 10634 | D:12     | Noticed a six-headed hydra
 10638 | D:12     | Killed a six-headed hydra
 10665 | D:12     | XOM: stat loss: -1 Dex (15/16)
 10679 | D:12     | Found Paodeos's Antique Weapon Shop.
 11104 | D:12     | XOM: give mutations
 11104 | D:12     | Gained mutation: Your body sometimes deteriorates upon taking damage. [Xom's mischief]
 11104 | D:12     | Gained mutation: You are dopey. (Int -2) [Xom's mischief]
 11222 | D:12     | Noticed a two-headed ogre
 11230 | D:12     | Killed a two-headed ogre
 11234 | D:12     | XOM: give mutation
 11234 | D:12     | Gained mutation: Your spells are a little harder to cast, but a little more powerful. [Xom's mischief]
 11396 | D:12     | XOM: polymorph wandering mushroom -> thorn hunter
 11411 | D:12     | XOM: polymorph thorn hunter -> thorn hunter
 11446 | D:13     | Noticed Azrael
 11475 | D:13     | Killed Azrael
 11481 | D:13     | Learned a level 3 spell: Regeneration
 11559 | D:13     | XOM: medium Summ miscast
 11792 | D:13     | XOM: mild Chrm miscast
 11817 | D:13     | Noticed a centaur warrior
 11821 | D:13     | Killed a centaur warrior
 11821 | D:13     | Reached skill level 1 in Charms
 11827 | D:13     | Got a smoking falchion
 11892 | D:13     | Reached skill level 1 in Necromancy
 11892 | D:13     | Reached XP level 13. HP: 84/88 MP: 20/20
 12157 | D:13     | Found a runed door.
 12166 | D:13     | Noticed a fire giant
 12170 | D:13     | Killed a fire giant
 12175 | D:13     | Noticed a frost giant
 12180 | D:13     | Killed a frost giant
 12180 | D:13     | Reached skill level 5 in Staves
 12193 | D:13     | Noticed a deep elf annihilator
 12197 | D:13     | Killed a deep elf annihilator
 12214 | D:13     | XOM: mild Conj miscast
 12214 | D:13     | Was forgiven by Xom
 12732 | D:14     | Found a glowing silver altar of Zin.
 12839 | D:14     | Reached skill level 5 in Poison Magic
 12907 | D:14     | Found a gate to the Vaults.
 12941 | D:14     | Found a frozen archway.
 12945 | D:14     | Reached skill level 10 in Invocations
 12959 | IceCv    | Entered an ice cave
 13166 | IceCv    | Identified the +1 falchion of Valour {antimagic, rF+ rC+ Str+5 Dex-5} (You found it on level 13 of the Dungeon)
 13218 | IceCv    | Learned a level 6 spell: Statue Form
 13517 | IceCv    | Reached skill level 1 in Transmutations
 13620 | IceCv    | Got a transparent scimitar
 13682 | D:14     | Reached skill level 1 in Earth Magic
 13717 | D:14     | Identified the cursed +3 scimitar "Kinefadgh" {drain, Int+4} (You found it in an ice cave)
 13730 | D:14     | Learned a level 2 spell: Song of Slaying
 13937 | D:14     | Reached skill level 10 in Evocations
 13940 | D:14     | Reached XP level 14. HP: 84/94 MP: 21/21
 14092 | D:15     | Entered Level 15 of the Dungeon
 14100 | D:15     | Found a staircase to the Depths.
 14164 | D:14     | Reached skill level 5 in Spellcasting
 14297 | Orc:1    | Entered Level 1 of the Orcish Mines
 14857 | Orc:2    | Entered Level 2 of the Orcish Mines
 14857 | Orc:2    | Found Liomimul's Weapon Boutique.
 14857 | Orc:2    | Noticed Maurice
 14880 | Orc:2    | Killed Maurice
 14889 | Orc:2    | Reached ****** piety under Fedhas
 14975 | Orc:2    | Found Jogeyhul's Food Shop.
 14977 | Orc:2    | Found Emugg's General Store.
 15300 | Orc:2    | Bought a fruit for 21 gold pieces
 15334 | Orc:2    | Found a staircase to the Elven Halls.
 15353 | Orc:2    | Found Ereavvay's Jewellery Shoppe.
 15615 | Orc:2    | Found Elyerot's Food Boutique.
 15615 | Orc:2    | Found Ofacyel's Jewellery Shop.
 15615 | Orc:2    | Found Xukhylup's Antique Armour Boutique.
 15620 | Orc:2    | Found Tauva's Armour Shop.
 15622 | Orc:2    | Bought a fruit for 15 gold pieces
 15867 | Orc:2    | Bought an uncursed ring of wizardry for 480 gold pieces
 15867 | Orc:2    | Bought a +5 ring of intelligence for 659 gold pieces
 16001 | Lair:1   | Entered Level 1 of the Lair of Beasts
 17151 | Lair:2   | Noticed Urug
 17178 | Lair:2   | Killed Urug
 17183 | Lair:2   | Found a staircase to the Swamp.
 17239 | Lair:2   | Found a staircase to the Snake Pit.
 17692 | Lair:3   | Reached skill level 5 in Earth Magic
 17753 | Lair:3   | Got a faintly glowing rapier
 18812 | Lair:4   | Lost mutation: You are dopey. (Int -2) [potion of mutation]
 18812 | Lair:4   | Lost mutation: Your spells are a little harder to cast, but a little more powerful. [potion of mutation]
 18812 | Lair:4   | Gained mutation: You evolve. [potion of mutation]
 18812 | Lair:4   | Gained mutation: You tend to lose your temper in combat. [potion of mutation]
 18812 | Lair:4   | Gained mutation: One of your tentacles bears a spike. [potion of mutation]
 18812 | Lair:4   | Gained mutation: Your system is resistant to poisons. (rPois) [potion of mutation]
 18827 | Lair:4   | Noticed an entropy weaver
 18827 | Lair:4   | Noticed an entropy weaver
 19045 | Lair:4   | Reached skill level 5 in Transmutations
 19098 | Lair:4   | Killed an entropy weaver
 19145 | Lair:4   | Killed an entropy weaver
 19264 | Lair:4   | Reached XP level 15. HP: 99/99 MP: 24/24
 19830 | Lair:5   | Noticed Josephine
 19843 | Lair:5   | Killed Josephine
 20511 | Lair:6   | Entered Level 6 of the Lair of Beasts
 21169 | Lair:6   | Found a large runed door.
 21169 | Lair:6   | Found a large runed door.
 21390 | Lair:6   | Found a staircase to the Slime Pits.
 21713 | Snake:1  | Entered Level 1 of the Snake Pit
 21925 | Snake:1  | Found Towuolan's Antique Armour Emporium.
 21992 | Snake:1  | Found Xoxorph's Antique Weapon Emporium.
 21993 | Snake:1  | Found Laem Ick's Antique Armour Emporium.
 21993 | Snake:1  | Found Kaodd's Assorted Antiques.
 22001 | Snake:1  | Found Odessah's Antique Weapon Shoppe.
 22020 | Snake:1  | Bought a warped shield for 237 gold pieces
 22025 | Snake:1  | Identified the +3 shield of Narcissism {Slay+3} (You bought it in a shop on level 1 of the Snake Pit)
 22266 | Snake:1  | Reached skill level 1 in Shields
 22499 | Snake:1  | Noticed Aizul
 22547 | Snake:1  | Killed Aizul
 22551 | Snake:1  | Gained mutation: You are agile. (Dex +2) [mutagenic meat]
 22552 | Snake:1  | Lost mutation: One of your tentacles bears a spike. [mutagenic meat]
 22553 | Snake:1  | Gained mutation: You are weak. (Str -2) [mutagenic meat]
 22554 | Snake:1  | Lost mutation: You tend to lose your temper in combat. [mutagenic meat]
 22898 | Snake:2  | Found a sparkling altar of Nemelex Xobeh.
 23094 | Snake:2  | Lost mutation: You are agile. (Dex +2) [evolution]
 23133 | Snake:2  | Reached XP level 16. HP: 70/105 MP: 28/28
 23182 | Snake:2  | HP: 1/105 [black mamba (16)]
 23182 | Snake:2  | Slain by an anaconda

Vault maps used:
D:1:      dpeg_arrival_signposts
D:2:      nicolae_overflow_crystal_walls, serial_bayou_pond_e,
          kennysheep_nondescript, uniq_sigmund
D:3:      kb_forest_paths, elyvilon_altar_4, old_standard_altar, first_bread,
          uniq_natasha
D:4:      grunt_temple_overflow_opulence, enter_ossuary_4, minivault_4,
          uniq_ijyb
D:5:      cheibrodos_two_vegetables, grunt_temple_overflow_lords_of_destruction,
          temple_fountains
D:6:      tso_metal_star, zin_treasury, gammafunk_temple_overflow_elements,
          serial_shops, nicolae_shop_stone, shop, nicolae_shop_behind_doors,
          shop, grunt_decor_arrowhead, fedhas_altar_2
D:7:      kennysheep_mini_moat, lemuel_round_altar, grunt_livestock
D:8:      uniq_grum
D:9:      erik_lair_dragon
D:10:     enter_bailey_3, grunt_ministairs_10
D:11:     zombieorc2_lemuel, serial_shops, bzr_entry_road
D:12:     serial_shops, shop, shop_fountains, uniq_sonja, uniq_erolcha
D:13:     minivault_13, uniq_azrael
D:14:     david_vaults_1, serial_column_ruins, column_ruins_grid_4,
          column_ruins_open_tiny, column_ruins_open_medium,
          column_ruins_open_tiny, portal_ice_cave_entry_imps,
          kennysheep_flooded_box, grunt_ministairs_3
D:15:     gammafunk_depths_entry_grave, hangedman_decor_points
Temple:   compressed_dpeg_triangle_lava_temple
Lair:1:   columned_hall_lemuel, kennysheep_rathole
Lair:2:   minmay_swamp_entry_reptiles, guppyfry_snake_entry_garden, uniq_urug
Lair:3:   lemuel_fruit_tree
Lair:4:   zaba_anthell
Lair:5:   uniq_josephine
Lair:6:   cheibrodos_lair_end_hotspot, dpeg_slime_entry_corner,
          infiniplex_staircase_pool
Snake:1:  serial_shops, shop, nicolae_snake_squiggles, grunt_ministairs_5,
          minmay_shoptagon, uniq_aizul
Snake:2:  basic_altar, serial_shops, shop
Orc:2:    st_orc_mages, serial_shops, shop, shop, shop, shop_coins, uniq_maurice
Abyss:2:  evilmike_abyss_exit_16
Bazaar:   bazaar_minmay_row
Ossuary:  ossuary_minmay_tomb_2a
Bailey:   bailey_polearm_1, bailey
IceCv:    ice_cave_statue_garden_chambered

Skill      XL: |  1  2  3  4  5  6  7  8  9 10 11 12 13 14 15 |
---------------+----------------------------------------------+-----
Stealth        | 3 4 5 6 9 10 12 13 14 15 | 15.9
Invocations    | 3 5 7 8 9 10 11 | 11.3
Fighting       | 3 4 6 7 8 |  8.1
Dodging        | 3 5 7 8 |  8.5
Staves         | 2 4 5 7 8 |  8.1
Evocations     | 5 8 10 11 | 11.6
Air Magic      | 3 4 |  4.1
Poison Magic   | 3 5 |  5.2
Spellcasting   | 2 4 6 8 |  8.2
Charms         | 1 3 |  3.1
Necromancy     | 1 3 |  3.1
Transmutations | 2 5 7 |  7.7
Earth Magic    | 2 5 7 |  7.8
Shields        | 2 |  2.5
Short Blades   | |  1.0

Action                   |  1- 3 |  4- 6 |  7- 9 | 10-12 | 13-15 | 16-18 || total
-------------------------+-------+-------+-------+-------+-------+-------++-------
Melee: Short sword       |     8 |       |       |       |       |       ||     8
       Constrict         |     9 |    11 |    61 |    73 |   168 |       ||   322
       Dagger            |    25 |    50 |   259 |   146 |       |       ||   480
       Tentacles         |     4 |     6 |    43 |    98 |   262 |     3 ||   416
       Staff             |       |       |       |   334 |  1072 |    22 ||  1428
       Kick              |       |       |       |       |   185 |       ||   185
 Cast: Regeneration      |       |       |       |       |    35 |     2 ||    37
       Mephitic Cloud    |       |       |       |       |     4 |       ||     4
       Statue Form       |       |       |       |       |    16 |     1 ||    17
Invok: Fungal Bloom      |       |       |    40 |    59 |    83 |       ||   182
       Evolution         |       |       |     2 |     3 |     2 |       ||     7
       Reproduction      |       |       |       |       |     3 |       ||     3
Evoke: Wand              |     5 |    10 |     2 |    16 |    28 |       ||    61
  Use: Potion            |       |     4 |     1 |     4 |     5 |       ||    14
       Scroll            |       |     3 |    10 |     8 |    17 |     2 ||    40
 Stab: Sleeping          |     8 |     3 |    45 |    35 |    34 |       ||   125
       Distracted        |       |       |     1 |     2 |    11 |       ||    14
       Confused          |       |       |     1 |     1 |     3 |       ||     5
       Paralysed         |       |       |       |    12 |       |       ||    12
       Betrayed ally     |       |       |       |       |     1 |       ||     1
  Eat: Chunk             |       |     2 |     3 |     4 |    35 |       ||    44
       Royal jelly       |       |       |     4 |     7 |     3 |       ||    14
       Meat ration       |       |       |     1 |       |       |       ||     1
       Bread ration      |       |       |       |     2 |     4 |       ||     6
Armor: Skin              |     4 |     3 |    27 |    32 |   283 |    21 ||   370
Dodge: Dodged            |    15 |    21 |   164 |   416 |  1334 |    49 ||  1999
